 Dungeon Crawl Stone Soup version 0.25-a0-290-g4a1327ee3a (webtiles) character file.

Game seed: 11197053107319973883, levelgen mode: deterministic

575 MisterFreud the Vandal (level 7, -10/44 HPs)
             Began as a Halfling Hunter on Dec 13, 2019.
             Was a Believer of Uskayaw.
             Mangled by a wyvern (16 damage)
             ... on level 6 of the Dungeon.
             The game lasted 00:11:54 (4850 turns).

MisterFreud the Vandal (Halfling Hunter)            Turns: 4850, Time: 00:11:55

Health: -10/44     AC:  5    Str: 15    XL:     7   Next: 61%
Magic:  7/7        EV: 16    Int:  9    God:    Uskayaw [**....]
Gold:   254        SH:  0    Dex: 18    Spells: 6/6 levels left

rFire    . . .     SeeInvis .   b - +2 dagger (venom)
rCold    . . .     Gourm    .   (shield restricted)
rNeg     . . .     Faith    .   c - +0 leather armour
rPois    .         Spirit   .   (no helmet)
rElec    .         Reflect  .   (no cloak)
rCorr    .         Harm     .   e - +1 pair of gloves
MR       .....                  (no boots)
Stlth    +++.......             i - amulet of inaccuracy (curse)
HPRegen  0.14/turn              l - +3 ring of dexterity
MPRegen  0.10/turn              t - ring of wizardry

@: no status effects
A: small, mutation resistance 1
a: Stomp, Line Pass, Renounce Religion


You were on level 6 of the Dungeon.
You worshipped Uskayaw.
Uskayaw was noncommittal.
You were not hungry.

You visited 1 branch of the dungeon, and saw 6 of its levels.

You collected 254 gold pieces.

Inventory:

Hand Weapons
 a - a +1 hunting sling
 b - a +2 dagger of venom (weapon)
 m - a +2 dagger of speed
 q - a cursed +0 long sword
Missiles
 d - 44 sling bullets
 h - 31 stones (quivered)
Armour
 c - a +0 leather armour (worn)
 e - a +1 pair of gloves (worn)
 g - a +0 buckler
Jewellery
 i - a cursed amulet of inaccuracy (around neck)
 l - a +3 ring of dexterity (left hand)
 t - a ring of wizardry (right hand)
Wands
 s - a wand of clouds (6)
 u - a wand of paralysis (11)
Scrolls
 o - 3 scrolls of teleportation
 p - a scroll of fear
Potions
 j - a potion of flight
 k - a potion of lignification
 n - 4 potions of heal wounds {unknown}
 r - a potion of cancellation {unknown}
Comestibles
 f - 11 rations


   Skills:
 - Level 1.7 Fighting
 + Level 5.8 Short Blades
 - Level 6.1 Slings
 + Level 4.0 Dodging
 + Level 5.5 Stealth


You had 6 spell levels left.
You didn't know any spells.
Your spell library was empty.

Dungeon Overview and Level Annotations

Branches:
Dungeon (6/15)             Temple (0/1) D:4

Altars:
Ashenzari
Trog
Uskayaw
Zin


Innate Abilities, Weirdness & Mutations

You are small and have problems with some larger weapons.
You are somewhat resistant to further mutation.


Message History

A wyvern comes into view.
The wyvern hisses angrily.
The wyvern closely misses you. x2
You closely miss the wyvern. The wyvern bites you!
You hit the wyvern but do no damage.
The wyvern is poisoned.
The wyvern bites you!
You hit the wyvern.
The wyvern is lightly wounded.
The wyvern closely misses you.
You hit the wyvern.
The wyvern is moderately wounded.
The wyvern bites you!
* * * LOW HITPOINT WARNING * * *
You hit the wyvern.
The wyvern is heavily wounded.
The wyvern closely misses you.
You can now pass through a line of other dancers.
The wyvern misses you. The wyvern bites you!
You die...

####+## ##.......
......... ###
#........ ..#
##........ # #.#
#......... .##.##
#..####### ....#
#.l# #..# #.@#
#..###..#
#####<......#
#...........#
#.####......#
#.####.###..#
#.#.........#####..
#.#.##..##.........
#.#.##.............


You could see a wyvern.

Vanquished Creatures
  2 ogres (D:5)
  A crimson imp (D:4)
  A hound (D:4)
  3 orc wizards (D:3)
  An orc priest (D:4)
  A bullfrog skeleton (D:4)
  Jessica (D:3)
  A hound skeleton (D:4)
  7 adders
  2 oozes
  A worm (D:3)
  2 dart slugs
  3 orcs
  7 bats
  6 giant cockroaches
  6 goblins
  8 hobgoblins
  5 jackals
  8 kobolds
  2 quokkas
  A ball python skeleton (D:4)
  4 frilled lizards
  7 rats
80 creatures vanquished.

Notes
Turn   | Place    | Note
-------+----------+-------------------------------------------
     0 | D:1      | MisterFreud the Halfling Hunter began the quest for the
                  | Orb.
     0 | D:1      | Reached XP level 1. HP: 14/14 MP: 1/1
    91 | D:1      | Reached skill level 1 in Short Blades
   153 | D:1      | Reached XP level 2. HP: 15/19 MP: 2/2
   679 | D:1      | You fall into a shaft and drop 1 floor!
   723 | D:1      | Reached XP level 3. HP: 24/24 MP: 3/3
  1531 | D:2      | Reached XP level 4. HP: 23/29 MP: 4/4
  1999 | D:3      | Found a hide-covered altar of Uskayaw.
  2002 | D:3      | Became a worshipper of Uskayaw the Reveler
  2064 | D:3      | Reached * piety under Uskayaw
  2091 | D:3      | Noticed Jessica
  2102 | D:3      | Killed Jessica
  2102 | D:3      | Reached XP level 5. HP: 34/34 MP: 5/5
  2102 | D:3      | Reached ** piety under Uskayaw
  2196 | D:3      | Found a shattered altar of Ashenzari.
  2303 | D:3      | Found a bloodstained altar of Trog.
  3077 | D:3      | HP: 1/34 [orc wizard/puff of flame (11)]
  3474 | D:4      | Reached skill level 6 in Slings
  3474 | D:4      | Reached XP level 6. HP: 18/39 MP: 6/6
  3786 | D:4      | Reached skill level 5 in Short Blades
  4081 | D:4      | Found a staircase to the Ecumenical Temple.
  4192 | D:4      | Found a glowing silver altar of Zin.
  4232 | D:4      | Reached XP level 7. HP: 44/44 MP: 7/7
  4475 | D:5      | Entered Level 5 of the Dungeon
  4534 | D:5      | Reached skill level 5 in Stealth
  4839 | D:6      | Noticed a wyvern
  4850 | D:6      | Mangled by a wyvern

Levels and vault maps discovered:
D:1:      wander_arrival_chamber, layout_basic
D:2:      layout_rooms
D:3:      layout_loops_ring, lemuel_doored_altar,
          nicolae_overflow_hidden_temple, nicolae_ashenzari_panopticon,
          first_ration, uniq_jessica
D:4:      layout_basic, zin_treasury, minmay_temple_entry_nine_rooms,
          serial_glass, glass_columns_a, glass_columns_a, item_on_display_a,
          minmay_strange_pillars
D:5:      minmay_bubble_buster, layout_rooms
D:6:      layout_basic

Skill      XL: |  1  2  3  4  5  6  7 |
---------------+----------------------+-----
Short Blades   | 1 2 3 4 5 |  5.8
Stealth        | 2 3 4 5 |  5.5
Slings         | 6 |  6.1
Dodging        | 3 4 |  4.0
Fighting       | |  1.7

Action                   |  1- 3 |  4- 6 |  7- 9 || total
-------------------------+-------+-------+-------++-------
Melee: Short sword       |   114 |       |       ||   114
       Dagger            |    51 |   146 |    17 ||   214
 Fire: Hunting sling     |     2 |   107 |    31 ||   140
  Use: Scroll            |     7 |     3 |       ||    10
       Potion            |       |     2 |       ||     2
 Stab: Sleeping          |     1 |     1 |       ||     2
       Distracted        |       |     1 |       ||     1
  Eat: Chunk             |     2 |     8 |     2 ||    12
Armor: Leather armour    |    45 |    33 |     4 ||    82
       Skin              |       |     6 |       ||     6
Dodge: Dodged            |   124 |    81 |    12 ||   217

Table legend:
 A = Non-vault XP
 B = Vault XP
 C = Vault XP percentage of total XP
 D = Non-vault monster count
 E = Vault monster count
 F = Vault count percentage of total count
                 A         B        C        D         E       F
            +---------+---------+-------+---------+---------+-------
      Total |     785 |      37 |   4.5 |      79 |       1 |   1.2
            +---------+---------+-------+---------+---------+-------
        D:1 |      33 |       0 |   0.0 |      18 |       0 |   0.0
        D:2 |      54 |       0 |   0.0 |      15 |       0 |   0.0
        D:3 |     187 |      37 |  16.5 |      27 |       1 |   3.6
        D:4 |     248 |       0 |   0.0 |      13 |       0 |   0.0
        D:5 |     257 |       0 |   0.0 |       3 |       0 |   0.0
        D:6 |       6 |       0 |   0.0 |       3 |       0 |   0.0
            +---------+---------+-------+---------+---------+-------
